 Dungeon Sprint DCSS version 0.28.0-43-g3370ac3207 (webtiles) character file.

Game seed: 3633872824262488012

121 boopmooplesden the Fighter (level 4, 0/48 HPs)
             Began as a Minotaur Berserker on Mar 4, 2022.
             Was a Believer of Trog.
             Slain by a neqoxec (1 damage)
             ... in the Dungeon (Sprint II: "The Violet Keep of Menkaure").
             The game lasted 00:00:12 (17 turns).

boopmooplesden the Fighter (Minotaur Berserker)       Turns: 17, Time: 00:00:12

Health: 0/48       AC:  2    Str: 23    XL:     4   Next: 76%
Magic:  3/3        EV: 12    Int:  4    God:    Trog [**....]
Gold:   0          SH:  0    Dex: 10    Spells: 3/3 levels left

rFire   . . .      SeeInvis .   a - +0 hand axe
rCold   . . .      Faith    .   (no shield)
rNeg    . . .      Spirit   .   b - +0 animal skin
rPois   .          Reflect  .   (helmet restricted)
rElec   .          Harm     .   (no cloak)
rCorr   .          Rampage  .   (no gloves)
Will    .....      NoTele   +   (no boots)
Stlth   +.........              (no amulet)
HPRegen 0.16/turn               (no ring)
MPRegen 0.08/turn               (no ring)

@: on berserk cooldown, slowed, very slow
A: horns 2, retaliatory headbutt, subdued magic 1
a: Renounce Religion, Berserk, Trog's Hand


You were in the Dungeon.
You worshipped Trog.
Trog was pleased with you.
You visited 1 branch

Inventory:

Hand Weapons
 a - a +0 hand axe (weapon)
Armour
 b - a +0 animal skin (worn)
Scrolls
 h - a scroll of blinking
Potions
 c - a potion of curing
 d - a potion of heal wounds
 e - a potion of haste
 f - 2 potions of magic
 g - a potion of berserk rage


   Skills:
 + Level 8.0 Fighting
 + Level 8.0 Axes
 + Level 4.4 Armour
 + Level 4.0 Dodging


You had 3 spell levels left.
You didn't know any spells.
Your spell library was empty.

Dungeon Overview and Level Annotations

Branches:
Dungeon (1/1)

Altars:


Innate Abilities, Weirdness & Mutations

You have a pair of horns on your head.
You reflexively headbutt those who attack you in melee.
Your spells are a little easier to cast, but a little less powerful.


Message History

The neqoxec closely misses you.
There is an open door here.
The lava snake hisses angrily.
You hit Menkaure. You headbutt Menkaure!
Menkaure is severely damaged.
You hit the neqoxec.
The neqoxec is engulfed in blazing flames.
The neqoxec hits you. The neqoxec closely misses you. Menkaure hits you!!
* * * LOW HITPOINT WARNING * * *
You hit Menkaure. You headbutt Menkaure.
Menkaure is almost destroyed.
You hit the neqoxec. You barely miss the neqoxec.
The neqoxec is engulfed in blazing flames.
The neqoxec closely misses you. The neqoxec misses you.
Menkaure grins.
Menkaure hits you.
* * * LOW HITPOINT WARNING * * *
The neqoxec is engulfed in blazing flames.
You hit Menkaure but do no damage.
Menkaure is almost destroyed.
You hit the neqoxec. You closely miss the neqoxec. The neqoxec gestures at you.
Something tries to feed on your intellect!
The neqoxec hits you!
* * * LOW HITPOINT WARNING * * *
Menkaure calls on the powers of darkness!
You feel a surge of unholy energy.
The lava snake convulses! x4
The neqoxec is engulfed in blazing flames.
The neqoxec dies!
The neqoxec barely misses you. The neqoxec closely misses you.
You hit Menkaure.
You destroy Menkaure!
Trog accepts your kill.
Trog appreciates your killing of a magic user.
You can now call upon Trog for regeneration and willpower.
You barely miss the neqoxec. You closely miss the neqoxec.
The lava snake spits lava at you. The glob of lava misses you.
The glob of lava hits the neqoxec!
The neqoxec hits you.
You die... ##○°○≈°○≈ ##°≈○☼≈≈≈ +≈≈§§°≈≈§ #≈§○°○≈ #SSSS≈

#≈≈#°○'#+++##
≈≈≈..°.3....#
##@## ##.3.#
#.##..#
##.#### ##'#
##.## +.<.+
##.## #+#


You could see 2 neqoxecs and 4 lava snakes.

Vanquished Creatures
  A neqoxec (D)
  Menkaure (D)
2 creatures vanquished.

Vanquished Creatures (others)
  A neqoxec (D)
1 creature vanquished.

Grand Total: 3 creatures vanquished

Notes
Turn   | Place    | Note
-------+----------+-------------------------------------------
     0 | D        | boopmooplesden the Minotaur Berserker began the quest for
                  | the Orb.
     0 | D        | Reached XP level 1. HP: 19/19 MP: 0/0
     1 | D        | Noticed a neqoxec
     7 | D        | Gained mutation: Your spells are a little easier to cast,
                  | but a little less powerful. [a neqoxec]
     9 | D        | Killed a neqoxec
    10 | D        | Reached XP level 2. HP: 35/35 MP: 1/1
    10 | D        | Reached XP level 3. HP: 40/40 MP: 2/2
    10 | D        | Reached XP level 4. HP: 48/48 MP: 3/3
    12 | D        | Noticed a neqoxec
    12 | D        | Noticed a neqoxec
    13 | D        | Noticed Menkaure
    13 | D        | Noticed a neqoxec
    16 | D        | HP: 1/48 [neqoxec (10)]
    16 | D        | Killed a neqoxec
    17 | D        | Killed Menkaure
    17 | D        | Reached ** piety under Trog
    17 | D        | Slain by a neqoxec

Illustrated notes

Levels and vault maps discovered:
D:        the_violet_keep_of_menkaure [sprint2_stairs_cluster_1,
          sprint2_shoproom, sprint2_temple, sprint2_basic_supplies,
          sprint2_obstacle_2, sprint2_obstacle_4, sprint2_obstacle_5,
          sprint2_obstacle_3, sprint2_obstacle_6, sprint2_timed_cluster_1,
          sprint2_smallroom_cluster_1, sprint2_smallroom_final_cluster_1,
          sprint2_transparent_cluster_1, sprint2_second_timed_cluster_1,
          sprint2_sniper_area_1, sprint2_heavy_combat_area_1,
          sprint2_mutation_trap_area_1, sprint2_forest_area_1,
          sprint2_light_combat_area_1, sprint2_behind_water_1,
          sprint2_near_end_vault_1]

Skill      XL: |  1 |
---------------+----+-----
Fighting       | 8 |  8.0
Axes           | 8 |  8.0
Armour         | 4 |  4.4
Dodging        | 4 |  4.0

Action                   |  1- 3 |  4- 6 || total
-------------------------+-------+-------++-------
Melee: Hand axe          |     6 |     4 ||    10
       Headbutt          |     3 |     2 ||     5
Invok: Berserk           |     1 |       ||     1
Dodge: Dodged            |       |     7 ||     7
